 Dungeon Crawl Stone Soup version 0.18-a0-1773-gec4f98e (webtiles) character file.

114 Fartwhistle the Insei (level 5, -2/32 HPs)
             Began as a Kobold Monk on Apr 14, 2016.
             Slain by an ogre
             ... wielding a +0 giant club
              (23 damage)
             ... on level 4 of the Dungeon.
             The game lasted 00:07:41 (1785 turns).

Fartwhistle the Insei (Kobold Monk)                 Turns: 1785, Time: 00:07:41

Health: -2/32      AC:  5    Str: 11      XL:     5   Next: 18%
Magic:  5/5        EV: 15    Int:  8      God:
Gold:   93         SH:  0    Dex: 17 (21) Spells: 0 memorised, 4 levels left

rFire  . . .     SeeInvis .       - Unarmed
rCold  . . .     Gourm    .     d - +0 ring mail
rNeg   . . .     Faith    .     (shield restricted)
rPois  .         Spirit   .     (no helmet)
rElec  .         Dismiss  .     (no cloak)
rCorr  .         Reflect  .     (no gloves)
SustAt .         Harm     .     (no boots)
MR     .....                    (no amulet)
Stlth  ++........               (no ring)
                                e - +3 ring of dexterity

@: very slightly contaminated, slowed, very slow, not resistant to hostile
enchantments, unstealthy
A: carnivore 3
a: no special abilities


You were on level 4 of the Dungeon.
You were completely stuffed.

You visited 1 branch of the dungeon, and saw 4 of its levels.

You collected 93 gold pieces.

Inventory:

Armour
 a - a +0 robe
 d - a +0 ring mail (worn)
   (You found it on level 1 of the Dungeon)
Jewellery
 e - a +3 ring of dexterity (left hand)
   (You found it on level 1 of the Dungeon)
Wands
 o - a wand of enslavement (6/24)
   (You found it on level 2 of the Dungeon)
 p - a wand of polymorph (14/24)
   (You found it on level 3 of the Dungeon)
Scrolls
 c - a scroll of identify
Potions
 f - a potion of flight
 g - a potion of mutation
 i - 4 potions of curing
Comestibles
 b - a meat ration
 m - a chunk of flesh


   Skills:
 - Level 3.2 Fighting
 + Level 1.6 Armour
 + Level 4.3 Dodging
 - Level 2.8 Stealth
 * Level 5.2 Unarmed Combat


You had 4 spell levels left.
You didn't know any spells.

Dungeon Overview and Level Annotations

Branches:
Dungeon (4/15)
 Temple: D:4-7

Altars:
Fedhas

Annotations:
D:3 2 exclusions, Natasha, Sigmund
D:4 Grinder


Innate Abilities, Weirdness & Mutations

You are small and have problems with some larger weapons.
You are carnivorous and can eat meat at any time.


Message History

Evoking this partially-identified wand wasted a few charges.
Natasha claws you.
* * * LOW HITPOINT WARNING * * *
Grinder bites you but does no damage. Grinder barely misses you.
Grinder claws you but does no damage.
You take 5 damage, and have 15/32 hp.
Aim: Natasha (chance to defeat MR: 46%) Natasha resists with some effort.
Evoking this partially-identified wand wasted a few charges.
Natasha claws you but does no damage. Grinder closely misses you. x2
Grinder claws you.
* * * LOW HITPOINT WARNING * * *
Something hits you.
* * * LOW HITPOINT WARNING * * *
You take 5 damage, and have 10/32 hp.
Grinder barely misses you. Grinder claws you but does no damage.
Grinder claws you.
* * * LOW HITPOINT WARNING * * *
You feel clumsy.
Some of the chunks of flesh in your inventory have rotted away.
You take 1 damage, and have 9/32 hp.
Read which item? (? for menu, Esc to quit)
Blink to where?
You are very lightly contaminated with residual magic.
As you read the scroll labeled TEENUI FUDENOQU, it crumbles to dust.
It was a scroll of blinking.
Grinder says, "I used to sell toenails on the black market."
Natasha casts a spell at you.
You feel yourself slow down.
Read which item? (? for menu, Esc to quit)
As you read the scroll labeled BOTHRY PEILETZA, it crumbles to dust.
It is a scroll of amnesia.
You feel forgetful for a moment.
Natasha casts a spell.
Grinder bites you.
* * * LOW HITPOINT WARNING * * *
Grinder claws you.
* * * LOW HITPOINT WARNING * * *
Grinder misses you.
You take 2 damage, and have 8/32 hp.
Read which item? (? for menu, Esc to quit)
Blink to where?
As you read the scroll of blinking, it crumbles to dust.
Grinder closely misses you. Grinder claws you.
* * * LOW HITPOINT WARNING * * *
Grinder claws you.
* * * LOW HITPOINT WARNING * * *
You take 2 damage, and have 7/32 hp.
Grinder closely misses you.
Grinder claws you but does no damage. x2
Grinder misses you. Grinder claws you but does no damage.
Grinder barely misses you.
There is a stone staircase leading down, spattered with blood here.
Items here: ))) [ a mace; a mace of protection; a ring mail; a club Grinder says, "There's only one good use for a tongue: cutting it out."
Grinder bites you but does no damage. Grinder claws you but does no damage.
Grinder closely misses you. x2; Grinder claws you but does no damage.
Grinder claws you.
* * * LOW HITPOINT WARNING * * *
You climb downwards.
A giant gecko and an ogre come into view.
The ogre shouts!
There is a stone staircase leading up here.
You take 2 damage, and have 5/32 hp.
Grinder says, "Just stop there for a second..."
An ogre comes into view. It is wielding a giant spiked club.
Grinder barely misses you. Grinder misses you. Grinder closely misses you.
Read which item? (? for menu, Esc to quit)
Blink to where?
As you read the scroll of blinking, it crumbles to dust.
Read which item? (? for menu, Esc to quit)
As you read the scroll labeled HUCRY DINUUM, it crumbles to dust.
You feel blessed for a moment.
It was a scroll of remove curse.
Read which item? (? for menu, Esc to quit)
As you read the scroll labeled RICYMULA INONI, it crumbles to dust.
The scroll dissolves into smoke.
It was a scroll of fog.
Grinder closely misses you. Grinder claws you.
* * * LOW HITPOINT WARNING * * *
Grinder barely misses you. Grinder bites you but does no damage.
Grinder claws you but does no damage. Grinder barely misses you.
You take 1 damage, and have 5/32 hp.
Read which item? (? for menu, Esc to quit)
As you read the scroll labeled DAJIDOKLAW, it crumbles to dust.
You hear a loud clanging noise!
It was a scroll of noise.
You hear a shout! x3
Grinder barely misses you. Grinder closely misses you.
Grinder barely misses you. Grinder closely misses you. Grinder misses you.
Grinder barely misses you.
Drink which item? (? for menu, Esc to quit)
You feel much better. Grinder closely misses you. x2
Grinder claws you but does no damage. Grinder misses you.
Grinder closely misses you. Grinder claws you but does no damage.
You regained 15 hp, and now have 20/32 hp.
You hit the ogre. Grinder bites you but does no damage.
Grinder closely misses you. Grinder completely misses you.
The ogre barely misses you. Grinder barely misses you. x3
You hit the ogre. The ogre hits you with a giant club!!
Ouch! That really hurt!
You die...

#...<.......
#..........#
#..§....O...
###....##.....#
###..O.####
.###.. #.....#
.. . #§§§## #.
##O5§# .#
#§@§§# #
.....§§§###
.....§###
...... .....
..... .##+


You could see an ogre and Grinder the quasit.

Vanquished Creatures
  Natasha (twice) (D:2)
  An adder (D:2)
  A dart slug (D:2)
  A worm (D:2)
  4 orcs (D:3)
  A ball python (D:1)
  11 bats
  5 giant cockroaches
  A hobgoblin (D:1)
  3 kobolds
  A quokka (D:3)
  2 giant newts
  5 goblins
  14 rats (D:1)
52 creatures vanquished.

Notes
Turn   | Place    | Note
--------------------------------------------------------------
     0 | D:1      | Fartwhistle the Kobold Monk began the quest for the Orb.
     0 | D:1      | Reached XP level 1. HP: 14/14 MP: 1/1
   227 | D:1      | Reached XP level 2. HP: 19/19 MP: 2/2
   582 | D:1      | Reached XP level 3. HP: 23/23 MP: 3/3
   692 | D:2      | Noticed Natasha
   942 | D:2      | Reached skill level 1 in Armour
   942 | D:2      | Reached skill level 4 in Dodging
  1140 | D:2      | Killed Natasha
  1140 | D:2      | Reached XP level 4. HP: 17/28 MP: 4/4
  1273 | D:2      | Noticed Natasha
  1278 | D:2      | Killed Natasha
  1278 | D:2      | Reached skill level 5 in Unarmed Combat
  1352 | D:2      | Reached XP level 5. HP: 31/32 MP: 5/5
  1664 | D:3      | Found a blossoming altar of Fedhas.
  1718 | D:3      | Noticed Sigmund
  1732 | D:3      | Noticed Grinder
  1740 | D:3      | Noticed Grinder
  1740 | D:3      | Grinder changed into Grinder the quasit
  1747 | D:3      | Noticed Natasha
  1766 | D:3      | HP: 8/32 [Grinder the quasit (1)]
  1771 | D:3      | HP: 8/32 [Grinder the quasit (1)]
  1775 | D:4      | Noticed an ogre
  1777 | D:4      | Noticed an ogre
  1781 | D:4      | HP: 5/32 [Grinder the quasit (1)]
  1785 | D:4      | Slain by an ogre

Vault maps used:
D:1:      erik_arrival_orb_chamber
D:2:      first_bread, hangedman_feature_mirror, kennysheep_generic_room_8,
          uniq_natasha
D:3:      fedhas_altar_3, uniq_sigmund, uniq_grinder
D:4:      minmay_liquid_box, trog_butcher_becter

Skill      XL: |  1  2  3  4 |
---------------+-------------+-----
Armour         | 1 |  1.6
Dodging        | 4 |  4.3
Unarmed Combat | 5 |  5.2
Fighting       | |  3.2
Stealth        | |  2.8

Action                   |  1- 3 |  4- 6 || total
-------------------------+-------+-------++-------
Melee: Unarmed           |   121 |    69 ||   190
       Punch             |     5 |     1 ||     6
Evoke: Wand              |       |     3 ||     3
  Use: Potion            |     1 |     1 ||     2
       Scroll            |       |    10 ||    10
 Stab: Sleeping          |     1 |     1 ||     2
  Eat: Chunk             |     9 |     2 ||    11
Armor: Ring mail         |    17 |    43 ||    60
       Robe              |     1 |       ||     1
Dodge: Dodged            |   102 |   101 ||   203

Vault maps used:
D:1:      erik_arrival_orb_chamber
D:2:      first_bread, hangedman_feature_mirror, kennysheep_generic_room_8,
          uniq_natasha
D:3:      fedhas_altar_3, uniq_sigmund, uniq_grinder
D:4:      minmay_liquid_box, trog_butcher_becter

Table legend:
 A = Turns spent in this place as a percentage of turns spent in the entire game.
 B = Non-inter-level travel turns spent in this place as a percentage of non-inter-level travel turns spent in the entire game.
 C = Inter-level travel turns spent in this place as a percentage of turns spent in this place.
 D = Turns resting spent in this place as a percentage of non-inter-level travel turns spent in this place.
 E = Turns spent auto-exploring this place as a percentage of non-inter-level travel turns spent in this place.
 F = Non-inter-level travel turns spent in this place divided by the number of levels of this place that you've seen.
                   A       B       C       D       E      F
               +-------+-------+-------+-------+-------+----------------------
         Total | 100.0 | 100.0 |   0.3 |   2.1 |   6.1 | 165.2
       Dungeon | 100.0 | 100.0 |   0.3 |   2.1 |   6.1 | 165.2
               +-------+-------+-------+-------+-------+----------------------

Table legend:
 A = Kills in this place as a percentage of kills in entire the game.
 B = Kills by you in this place as a percentage of kills by you in the entire game.
 C = Kills by friends in this place as a percentage of kills by friends in the entire game.
 D = Other kills in this place as a percentage of other kills in the entire game.
 E = Experience gained in this place as a percentage of experience gained in the entire game.
 F = Experience gained in this place divided by the number of levels of this place that you have seen.
                   A       B       C       D       E      F
               +-------+-------+-------+-------+-------+----------------------
         Total | 100.0 | 100.0 |  -nan |  -nan | 100.0 |  40.8
       Dungeon | 100.0 | 100.0 |  -nan |  -nan | 100.0 |  40.8
               +-------+-------+-------+-------+-------+----------------------
